AoeStats
← Guido166

Hideout

510225455Analyzed
1v1 RM · 3d ago on Sep 30, 2026· 71m 42s· 2 players
Game mode
Random Map
Map size
Tiny (2 player)
Population
200
Speed
Normal
Resources
Standard
Victory
Conquest
Starting age
Dark Age
Ending age
Imperial Age
RankedLock teamsTeams togetherTeam positionsShared explorationLock speedFull tech treeHidden civsTurbo modeCheats
Victory
Defeat
🇨🇦 Burgundians · Canada
1123
+14
🇦🇷 Spanish · Argentina
1083
-14
sh.pon
7:05 Double-Bit Axe
10:47 Feudal Age
9:56 Wheelbarrow
11:45 Feudal Age
11:42 Gold Mining
12:01 Horse Collar
13:50 Loom
16:21 Castle Age
14:38 Bow Saw
16:37 Gold Shaft Mining
16:11 Town Watch
17:54 Stone Mining
19:33 Hand Cart
21:57 Fletching
27:00 Imperial Age
26:12 Two-Man Saw
26:59 Scale Barding Armor
27:50 Ballistics
29:14 Conscription
30:04 Bodkin Arrow
30:23 Masonry
31:12 Chain Barding Armor
32:37 Chemistry
31:56 Fortified Wall
32:10 Forging
34:09 Husbandry
33:32 Cavalier
34:34 Heavy Plow
35:20 Plate Barding Armor
37:07 Elite Skirmisher
38:53 Murder Holes
39:22 Treadmill Crane
40:05 Padded Archer Armor
42:58 Leather Archer Armor
51:16 Burgundian Vineyards
52:11 Scale Mail Armor
52:47 Iron Casting
53:13 Chain Mail Armor
55:44 Plate Mail Armor
56:07 Architecture
56:23 Conscription
56:18 Flemish Revolution
59:35 Blast Furnace
58:35 Bracer
60:23 Squires
60:09 Arson
63:48 Hoardings
63:57 Paladin
68:29 Light Cavalry
70:38 Hussar
Guido166
10:12 Feudal Age
10:54 Horse Collar
12:09 Loom
17:49 Castle Age
16:21 Stone Mining
16:19 Double-Bit Axe
18:01 Fletching
18:07 Gold Mining
18:48 Bow Saw
19:43 Heavy Plow
22:29 Bloodlines
24:46 Husbandry
25:26 Padded Archer Armor
34:01 Imperial Age
35:21 Conscription
35:25 Leather Archer Armor
35:42 Scale Barding Armor
37:08 Cavalier
38:23 Chain Barding Armor
38:19 Squires
39:44 Plate Barding Armor
40:24 Two-Man Saw
38:48 Pikeman
40:58 Wheelbarrow
41:30 Ballistics
40:51 Capped Ram
43:48 Light Cavalry
45:46 Forging
45:41 Elite Skirmisher
47:55 Iron Casting
48:59 Chemistry
47:58 Hussar
49:43 Blast Furnace
50:37 Bodkin Arrow
52:28 Bracer
56:27 Ring Archer Armor
Connection lost

Rejoining the realm…

Still unreachable

The connection could not be restored.

Session expired

The server has moved on; the page needs a fresh start.